 Dungeon Crawl Stone Soup version 0.21.1-1-g345015f (webtiles) character file.

830 gerrrit the Gouger (level 7, -6/30 HPs)
             Began as a Felid Wanderer on Apr 3, 2018.
             Was a Believer of Trog.
             Mangled by an orc warrior
             ... wielding a +0 broad axe
              (21 damage)
             ... on level 6 of the Dungeon.
             The game lasted 00:31:35 (7616 turns).

gerrrit the Gouger (Felid Wanderer)                 Turns: 7616, Time: 00:31:36

Health: -6/30      AC:  2    Str:  7    XL:     7   Next: 65%
Magic:  9/9        EV: 21    Int: 15    God:    Trog [**....]
Gold:   300        SH:  0    Dex: 17    Spells: 6/6 levels left
                                        Lives:  0   Deaths: 2

rFire    . . .     SeeInvis +     - Unarmed
rCold    . . .     Gourm    .   (shield unavailable)
rNeg     . . .     Faith    .   (armour unavailable)
rPois    .         Spirit   .   (helmet unavailable)
rElec    .         Reflect  .   (cloak unavailable)
rCorr    .         Harm     .   (gloves unavailable)
MR       +....                  (boots unavailable)
Stlth    ++++......             (no amulet)
HPRegen  0.10/turn              (no ring)
MPRegen  0.11/turn              (no ring)

@: quick
A: very small, no armour, no weapons or thrown items, stealth, claws 1, fangs 3,
see invisible, carnivore, speed 1, shaggy fur 2, slow metabolism 1, sharp paws
a: Berserk, Trog's Hand, Burn Spellbooks, Renounce Religion


You were on level 6 of the Dungeon.
You worshipped Trog.
Trog was pleased with you.
You were not hungry.

You visited 1 branch of the dungeon, and saw 6 of its levels.

You collected 300 gold pieces.

Inventory:

Hand Weapons
 i - a +0 dagger of venom
 l - a +0 blowgun
 o - a +3 club
 p - a +0 dagger of holy wrath
Jewellery
 e - a cursed -3 ring of strength
Wands
 n - a wand of clouds (1)
 r - a wand of paralysis (15)
 u - a wand of polymorph (14)
 v - a wand of random effects (27)
Scrolls
 a - a scroll of magic mapping
 j - 2 scrolls of amnesia
 k - 5 scrolls of teleportation
 t - a scroll of identify
Potions
 b - 4 potions of curing
 c - a potion of lignification
 f - a potion of magic
 g - a potion of resistance
 h - 2 potions of cancellation
 m - a potion of mutation
 q - a potion of invisibility
Comestibles
 d - 11 rations
 s - 11 chunks of flesh


   Skills:
 + Level 2.4 Fighting
 + Level 5.8 Dodging
 + Level 6.4 Stealth
 + Level 10.3 Unarmed Combat
 + Level 1.6 Evocations


You had 6 spell levels left.
You didn't know any spells.

Dungeon Overview and Level Annotations

Branches:
Dungeon (6/15)
 Temple: D:4-7

Altars:
Okawaru
Qazlal
Trog
Uskayaw
Yredelemnul


Innate Abilities, Weirdness & Mutations

You cannot wear armour.
You are incapable of wielding weapons or throwing items.
Your paws allow you to move quietly. (Stealth)
You have sharp claws.
You have razor-sharp teeth.
You have supernaturally acute eyesight. (SInv)
You are carnivorous and can eat meat at any time.
You cover ground quickly.
You are covered in thick fur. (AC +2)
You have a slow metabolism.
Your sharp claws are effective at attacking unaware monsters.


Message History

You feel less wooden.
You rejoin the land of the living...
Found a stone staircase leading down.
You open the door. You claw the orc warrior!
The orc warrior is severely wounded.
The orc warrior completely misses you.
You scratch the orc warrior but do no damage.
The orc warrior is severely wounded.
You closely miss the orc warrior.
The orc warrior is severely wounded.
The orc warrior hits you with a +0 broad axe!
Ouch! That really hurt!
You closely miss the orc warrior.
The orc warrior is severely wounded.
You scratch the orc warrior but do no damage.
The orc warrior is severely wounded.
The orc warrior hits you with a +0 broad axe!!
Ouch! That really hurt!
You die...

######## ######....>.#
............#
............#
.......@....#
......#o#####
######'###...
........'o...
......##....
.....##'#####.
#...##.......
##########...##.......
#.............)....o..


You could see an orc warrior and an orc priest.

Vanquished Creatures
  Grinder (D:3)
  Sigmund (D:5)
  An orc warrior (D:6)
  An ice beast (D:5)
  A phantom (D:4)
  An ogre (D:6)
  A centaur (D:5)
  A bullfrog (D:6)
  2 crimson imps
  A quasit (D:6)
  A centaur skeleton (D:4)
  3 hounds
  A bullfrog skeleton (D:2)
  5 orc priests
  Ijyb (D:3)
  7 orc wizards
  2 worker ants (D:4)
  A hound skeleton (D:6)
  4 adders
  An ooze (D:2)
  2 adder skeletons
  2 worms
  3 dart slugs
  3 leopard geckos
  18 orcs
  A ball python (D:5)
  6 giant cockroaches
  5 goblins
  10 hobgoblins
  4 jackals (D:1)
  7 kobolds
  2 quokkas
  A ball python skeleton (D:4)
  7 bats
  3 frilled lizards
  A leopard gecko skeleton (D:5)
  11 rats
  A spectral orc (D:5)
124 creatures vanquished.

Notes
Turn   | Place    | Note
-------+----------+-------------------------------------------
     0 | D:1      | gerrrit the Felid Wanderer began the quest for the Orb.
     0 | D:1      | gerrrit set off with: 2 potions of heal wounds, a potion of curing, a potion of lignification, a ration
     0 | D:1      | Reached XP level 1. HP: 9/9 MP: 2/2
   214 | D:1      | Reached XP level 2. HP: 12/12 MP: 3/3
  1307 | D:1      | Reached XP level 3. HP: 13/15 MP: 4/4
  2111 | D:2      | Reached skill level 6 in Unarmed Combat
  2859 | D:2      | Reached XP level 4. HP: 12/19 MP: 5/5
  3286 | D:2      | Found a bloodstained altar of Trog.
  3297 | D:2      | Found an iron altar of Okawaru.
  3298 | D:2      | Found a hide-covered altar of Uskayaw.
  3314 | D:2      | Became a worshipper of Trog the Wrathful
  3628 | D:3      | Killed from afar by an orc priest
  3629 | D:3      | Reached XP level 3. HP: 0/15 MP: 4/4
  3733 | D:3      | Reached XP level 4. HP: 11/19 MP: 5/5
  3930 | D:3      | Noticed Ijyb
  3956 | D:3      | Killed Ijyb
  4091 | D:3      | Reached XP level 5. HP: 20/22 MP: 6/6
  4222 | D:3      | Noticed Grinder
  4228 | D:3      | Reached skill level 7 in Unarmed Combat
  4253 | D:3      | Killed Grinder
  4253 | D:3      | Gained mutation: You are covered in thick fur. (AC +2) [Felid growth]
  4253 | D:3      | Reached XP level 6. HP: 25/25 MP: 7/7
  4733 | D:3      | Reached * piety under Trog
  5062 | D:4      | Reached skill level 8 in Unarmed Combat
  5237 | D:4      | Reached XP level 7. HP: 29/29 MP: 8/8
  5815 | D:4      | Reached skill level 5 in Stealth
  6134 | D:4      | Found a stormy altar of Qazlal.
  6153 | D:5      | Entered Level 5 of the Dungeon
  6159 | D:5      | Reached skill level 9 in Unarmed Combat
  6303 | D:5      | Found a basalt altar of Yredelemnul.
  6352 | D:5      | Noticed Sigmund
  6362 | D:5      | Killed Sigmund
  6362 | D:5      | Reached XP level 8. HP: 33/33 MP: 8/10
  6532 | D:5      | Reached skill level 5 in Dodging
  7526 | D:6      | Reached ** piety under Trog
  7526 | D:6      | Reached skill level 10 in Unarmed Combat
  7601 | D:6      | Slain by an orc warrior
  7602 | D:6      | Reached XP level 7. HP: 0/45 MP: 9/9
  7616 | D:6      | Mangled by an orc warrior

Skill      XL: |  1  2  3  4  5  6  7  8 |
---------------+-------------------------+-----
Unarmed Combat | 6 7 8 9 10 | 10.3
Stealth        | 3 4 5 6 |  6.4
Dodging        | 2 3 4 5 |  5.8
Fighting       | 2 |  2.4
Evocations     | |  1.6

Action                   |  1- 3 |  4- 6 |  7- 9 || total
-------------------------+-------+-------+-------++-------
Melee: Unarmed           |   133 |   128 |   105 ||   366
       Bite              |     6 |     8 |     3 ||    17
       Punch             |     4 |     5 |     5 ||    14
Evoke: Wand              |       |     2 |     5 ||     7
  Use: Scroll            |     4 |     1 |     2 ||     7
       Potion            |     2 |     4 |     5 ||    11
 Stab: Sleeping          |     3 |     3 |     5 ||    11
       Confused          |       |     2 |       ||     2
       Distracted        |       |       |     1 ||     1
  Eat: Chunk             |    11 |     8 |     5 ||    24
Armor: Skin              |     4 |     6 |    37 ||    47
Dodge: Dodged            |    95 |    79 |    43 ||   217
